Cogmind - Beta 11.1 *** ADVENTURER MODE // 2022.08.12 @ 09:33:39 Player: sxnwlfkk Result: Self-destructed Performance ------------- Evolutions (1) 500 Regions Visited (2) 400 Robots Destroyed (19) 95 Value Destroyed (461) 461 Prototype IDs (0) 0 Alien Tech Used (0) 0 Bonus (0) 0 TOTAL SCORE: 1456 Bonus ------- None Cogmind --------- Core Integrity 392/400 Matter 216/300 Energy 250/250 System Corruption 0% Temperature Cool (0) Movement Walking (120) Location -9/Materials Parts ------- > --- POWER (1) -------- Ion Engine > --- PROPULSION (2) --- Aluminum Leg Aluminum Leg > --- UTILITY (4) ------ Small Storage Unit Terrain Scanner Seismic Detector Targeting Computer > --- WEAPON (2) ------- Light Cannon Grenade Launcher > --- INVENTORY (8) ---- Ion Engine Aluminum Leg Wheel Signal Interpreter Medium Armor Plating Tractor Beam Light Assault Rifle Peak State ------------ > --- POWER ------------ Ion Engine > --- PROPULSION ------- Aluminum Leg Aluminum Leg > --- UTILITY ---------- Small Storage Unit Seismic Detector Targeting Computer Medium Armor Plating > --- WEAPON ----------- Light Assault Rifle Light Cannon > --- INVENTORY -------- Ion Engine Aluminum Leg Wheel Terrain Scanner Tractor Beam Grenade Launcher [Rating: 10] Favorites ----------- Power Ion Engine Engine Ion Engine Propulsion Aluminum Leg Leg Aluminum Leg Utility Small Storage Unit Device Seismic Detector Storage Small Storage Unit Processor Targeting Computer Protection Medium Armor Plating Weapon Light Assault Rifle Energy Gun Medium Laser Ballistic Gun Light Assault Rifle Ballistic Cannon Light Cannon Launcher Grenade Launcher Build | -11 -10 -9 ------- Run | Scr Mat Mat Slots Evolved 2 | . . 2 Power . | . . . Propulsion . | . . . Utility 2 | . . 2 Weapon . | . . . Parts Attached 23 | 7 9 7 Power 1 | 1 . . Engine 1 | 1 . . Core . | . . . Reactor . | . . . Propulsion 5 | 2 2 1 Treads . | . . . Leg 5 | 2 2 1 Wheel . | . . . Hover . | . . . Flight . | . . . Utility 11 | 2 4 5 Device 6 | 1 3 2 Storage 1 | 1 . . Processor 1 | . . 1 Hackware . | . . . Protection 3 | . 1 2 Artifact . | . . . Weapon 6 | 2 3 1 Energy Gun 2 | 1 1 . Energy Cannon . | . . . Ballistic Gun 1 | 1 . . Ballistic Cannon 1 | . 1 . Launcher 2 | . 1 1 Special Weapon . | . . . Impact Weapon . | . . . Slashing Weapon . | . . . Piercing Weapon . | . . . Special Melee Weapon . | . . . Unidentified Prototypes . | . . . Parts Lost . | . . . Power . | . . . Propulsion . | . . . Utility . | . . . Weapon . | . . . Highest Loss Streak . | . . . To Critical Strikes . | . . . Average Slot Usage (%) 99 | . 99 100 Engine 13 | . 14 11 Leg 26 | . 28 22 Device 10 | . 9 14 Storage 13 | . 14 11 Processor 2 | . . 11 Protection 4 | . 4 7 Energy Gun 10 | . 12 . Ballistic Gun 13 | . 14 10 Ballistic Cannon 3 | . 1 11 Naked Turns . | . . . Heaviest Build 22 | 14 20 22 Greatest Support 20 | 20 20 20 Greatest Overweight (x) 3 | 3 . 1 Average Overweight (x) . | . . . Largest Inventory Capacity 8 | 8 8 8 Average Capacity 7 | 7 8 8 Most Carried 8 | 4 8 7 Average Carried 6 | 3 7 6 Final Capacity 8 | 8 8 8 Final Carried 8 | 3 8 7 Class Distribution -------------------- 100% | Mutant Dominant Class ---------------- Mutant | -10/Materials Mutant | -9/Materials Resources | -11 -10 -9 ----------- Run | Scr Mat Mat Matter Collected 482 | 275 76 131 Remotely . | . . . Salvage Created 479 | 14 310 155 Parts 28 | 4 15 9 Haulers Intercepted 1 | . . 1 Recyclers Shooed 2 | 1 . 1 Parts Field Recycled . | . . . Retrieved Matter . | . . . Parts Self-Destructed . | . . . Prevented . | . . . Kills | -11 -10 -9 ------- Run | Scr Mat Mat Combat Hostiles Destroyed 16 | . 10 6 Guns 9 | . 7 2 Cannons 1 | . . 1 AOE 6 | . 3 3 Classes Destroyed 6 | 1 2 3 Tunneler 1 | 1 . . Hauler 1 | . . 1 Watcher 1 | . . 1 Swarmer 6 | . 3 3 Grunt 9 | . 7 2 Duelist 1 | . . 1 Best Kill Streak 4 | 1 3 4 Combat Bots Only 3 | . 3 3 Max Kills in Single Turn 2 | 1 2 2 Gunslinging . | . . . Exploded 2 | . 2 2 Melee . | . . . Uniques/NPCs Destroyed . | . . . Combat | -11 -10 -9 -------- Run | Scr Mat Mat Damage Taken 304 | . 200 104 Core 75 | . 67 8 Absorbed by Shields . | . . . Core Remaining (%) 86 | 100 73 . Volleys Fired 42 | 8 20 14 Largest 2 | 1 2 2 Hottest 70 | 20 70 55 Shots Fired 69 | 8 38 23 Gun 53 | 8 36 9 Cannon 9 | . . 9 Launcher 7 | . 2 5 Special . | . . . Kinetic 44 | 8 18 18 Thermal 18 | . 18 . Explosive 7 | . 2 5 Electromagnetic . | . . . Robot Hit Streak 36 | 4 36 18 Robot Miss Streak 1 | 1 . 1 Penetration Max . | . . . Secondary Targets . | . . . Shots Hit Robots 56 | 6 32 18 Core Hits 34 | 3 18 13 Critical Kills . | . . . Critical Parts Destroyed . | . . . Critical Strikes . | . . . Melee Attacks . | . . . Impact . | . . . Slashing . | . . . Piercing . | . . . Sneak Attacks . | . . . Combat Hostiles . | . . . Follow-up Attacks . | . . . Damage Inflicted 942 | 48 443 451 Guns 421 | 44 310 67 Cannons 119 | . . 119 Explosions 391 | . 129 262 Melee . | . . . Ramming 11 | 4 4 3 Kinetic 328 | 44 98 186 Thermal 212 | . 212 . Explosive 391 | . 129 262 Electromagnetic . | . . . Impact . | . . . Slashing . | . . . Piercing . | . . . Highest Corruption . | . . . Average Corruption . | . . . Corruption Purged . | . . . Corruption Blocked . | . . . Overload Shots . | . . . Overflow Damage 4 | . . 4 Projectiles . | . . . Explosions 4 | . . 4 Melee . | . . . Knockbacks 1 | . . 1 Impact . | . . . Kinetic 1 | . . 1 Secondary . | . . . Self-Inflicted Damage 22 | . 22 . Shots 1 | . 1 . Rammed . | . . . Targets Rammed 3 | 1 1 1 Kicked 3 | 1 1 1 Crushed . | . . . Highest Temperature 212 | . 212 40 Average Temperature 61 | . 74 21 Received Heat Transfer 129 | . 93 36 Siege Activations . | . . . Robots Corrupted . | . . . Combat Hostiles . | . . . Parts Fried . | . . . Impact Corruptions . | . . . Robots Melted . | . . . Combat Hostiles . | . . . Parts Melted 1 | . 1 . Heat Transferred 629 | . 629 . Parts Sabotaged . | . . . Parts Stolen . | . . . Parts Stripped . | . . . Power Chain Reactions . | . . . Missiles Intercepted . | . . . Alert | -11 -10 -9 ------- Run | Scr Mat Mat Peak Influence 253 | 5 226 253 Initial 9 | . 2 9 Average 60 | 1 67 64 Maximum Alert Level 1 | . 1 1 Low Security (%) 94 | 100 94 93 Level 1 5 | . 5 6 Level 2 . | . . . Level 3 . | . . . Level 4 . | . . . Level 5 . | . . . High Security . | . . . Max Security . | . . . Squads Dispatched 1 | . 1 . Investigation 1 | . 1 . Extermination . | . . . Reinforcement . | . . . Assault . | . . . Garrison . | . . . Intercept . | . . . Searches Triggered . | . . . Construction Impeded . | . . . Haulers Reinforced . | . . . Active Scanning Responses . | . . . Cargo Convoy Interrupts . | . . . Stealth | -11 -10 -9 --------- Run | Scr Mat Mat Distress Signals 1 | . 1 . Communications Jammed . | . . . Distress Signals . | . . . Times Spotted 21 | . 14 7 Peak Tracking Total 5 | . 5 3 Tactical Retreats . | . . . Traps | -11 -10 -9 ------- Run | Scr Mat Mat Traps Triggered . | . . . Indirectly . | . . . Trap Hack Attempts . | . . . Triggered . | . . . Disarmed . | . . . Reprogrammed . | . . . Reused . | . . . Traps Extracted . | . . . Installed . | . . . Triggered . | . . . Machines | -11 -10 -9 ---------- Run | Scr Mat Mat Machines Disabled 1 | . 1 . Max in Single Turn 1 | . 1 . Machines Sabotaged . | . . . Garrisons Compromised . | . . . Overloaded Fab Kills . | . . . Hacking | -11 -10 -9 --------- Run | Scr Mat Mat Machines Accessed 3 | . 3 . Terminals 3 | . 3 . Fabricators . | . . . Repair Stations . | . . . Recycling Units . | . . . Scanalyzers . | . . . Garrison Access . | . . . Total Hacks 6 | . 6 . Successful 3 | . 3 . Failed 3 | . 3 . Catastrophic 2 | . 2 . Database Lockouts . | . . . Manual 6 | . 6 . Terminals 6 | . 6 . Fabricators . | . . . Repair Stations . | . . . Recycling Units . | . . . Scanalyzers . | . . . Garrison Access . | . . . Terminal Hacks 3 | . 3 . Locate Traps 3 | . 3 . Fabricator Hacks . | . . . Repair Station Hacks . | . . . Recycling Unit Hacks . | . . . Scanalyzer . | . . . Garrison Access Hacks . | . . . Unauthorized Hacks . | . . . Terminals . | . . . Fabricators . | . . . Repair Stations . | . . . Recycling Units . | . . . Scanalyzers . | . . . Garrison Access . | . . . Data Cores Recovered . | . . . Used . | . . . Hacking Detections 2 | . 2 . Full Trace Events 1 | . 1 . Feedback Events . | . . . Feedback Blocked . | . . . Robot Schematics Acquired . | . . . Robots Built . | . . . Authchips . | . . . Time . | . . . Total Robot Build Rating . | . . . Part Schematics Acquired . | . . . Parts Built . | . . . Authchips . | . . . Time . | . . . Total Part Build Rating . | . . . Parts Repaired . | . . . Time . | . . . Parts Recycled . | . . . Recycled Matter . | . . . Retrieved Matter . | . . . Retrieved Components . | . . . Parts Scanalyzed . | . . . Part Schematics Acquired . | . . . Parts Damaged . | . . . Bothacking | -11 -10 -9 ------------ Run | Scr Mat Mat Used RIF Installer . | . . . Robots Hacked . | . . . Non-combat . | . . . Combat . | . . . Robot Hacks Applied . | . . . Relay Couplers Released . | . . . Fabnet Peak Effective % . | . . . Robots Rewired . | . . . Allies Hacked . | . . . Hacks Repelled . | . . . Allies | -11 -10 -9 -------- Run | Scr Mat Mat Total Allies . | . . . Largest Group . | . . . Highest-Rated Group . | . . . Highest-Rated Ally . | . . . Total Orders . | . . . Ally Attacks . | . . . Total Damage . | . . . Kills . | . . . Allies Corrupted . | . . . Allies Melted . | . . . Intel | -11 -10 -9 ------- Run | Scr Mat Mat Robot Analysis Total . | . . . Derelict Logs Recovered . | . . . Drone Launches . | . . . Drone Recoveries . | . . . Exploration | -11 -10 -9 ------------- Run | Scr Mat Mat Turns Passed 1225 | 105 892 228 Spaces Moved 645 | 58 477 110 Core 12 | 12 . . Treads . | . . . Legs 633 | 46 477 110 Wheels . | . . . Hover . | . . . Flight . | . . . Fastest Speed 50 | 50 120 120 Average Speed 127 | 124 120 162 Slowest Speed 200 | 200 120 190 Overloaded Moves . | . . . Propulsion Burnouts . | . . . Robots Hopped . | . . . Cave-ins Triggered . | . . . Exploration Rate (%) 31 | 3 78 14 Regions Visited 2 Branch Regions . Pre-discovered Areas . | . . . Known Exits Taken . | . . . Unknown Exits Taken 2 | 1 1 . Scrap Searched . | . . . Spaces Dug 6 | . 6 . Terrain Destroyed 49 | . 10 39 Melee . | . . . Projectile . | . . . AOE 49 | . 10 39 Terrain Rammed . | . . . Walls Destroyed . | . . . Machines Disabled . | . . . Actions | -11 -10 -9 --------- Run | Scr Mat Mat Total 975 | 81 759 135 Wait 250 | 4 244 2 Move 643 | 57 476 110 Hop . | . . . Pick Up 10 | 4 5 1 Fast Attach 8 | 6 2 . Attach 3 | 1 . 2 Detach 1 | . 1 . Swap 12 | . 7 5 Drop 3 | . 3 . Fire 42 | 8 20 14 Melee . | . . . Ram . | . . . Kick 3 | 1 1 1 Crush . | . . . Escape Stasis . | . . . Rewire . | . . . Trap . | . . . Miscellaneous . | . . . Route ------- -11/Scrapyard -10/Materials (discovered 3 exits: [*Mat x3]) -9/Materials History --------- Turn | Location | Event 19 | -11/Scrapyard | Discovered new exit (range 16) 106 | -11/Scrapyard | Entered Materials 305 | -10/Materials | Build established: Mutant 614 | -10/Materials | Discovered new exit (range 4) 785 | -10/Materials | Discovered new exit (range 15) 966 | -10/Materials | Discovered new exit (range 7) 998 | -10/Materials | Entered another Materials area 998 | -9/Materials | Evolved 2 slots: Utility x2 1226 | -9/Materials | Self-destructed Last Messages --------------- 01042_ Acquired 4 matter. 01045_ K-01 Serf collects debris. 01136_ L-31 Rogue destroyed. 01141_ G-34 Mercenary destroyed. 01144_ R-06 Scavenger collects Aluminum Leg. 01147_ G-34 Mercenary knocked back. 01150_ G-34 Mercenary destroyed. 01151_ Acquired 22 matter. 01152_ Acquired 39 matter. 01154_ Kicked R-06 Scavenger. 01158_ Acquired 33 matter. 01160_ Acquired 2 matter. 01162_ Acquired 3 matter. 01169_ Acquired 7 matter. 01206_ C-30 ARC bursts open, deploying its payload. 01206_ S-10 Pest unfolds itself. 01208_ S-10 Pest destroyed. 01210_ Destroyed Flight Unit. 01212_ S-10 Pest destroyed. 01224_ A-02 Transporter destroyed. Map ----- +----------------------------------------------------+ | | | | | | | | | | | | | | | | | | | ????????????????#????????#???????????????????????? | | ?????#??????????????????? ????????#??????????????? | | ????????????????????????? ???????????????????????? | | #???????????????????????? ? ?????????????????????? | | #? ?????????????????????? ???????????????????????? | | #???????????????????????#+#??????????????????????? | | #??????????????????????? #??#????#??????????????? | | #?????????????#####?????# #??????????????????????? | | #?????????????# ?????# ##????#????????????????? | | #??????#######? ?????# #??????????????????????? | | ######## #? ""???# #??????????????????????? | | # #? * """ ?# #????????#?????????????? | | # """ #?? ?# #??????????????????????? | | # """ #??? """??# #??????????????????????? | | #### # """ #??? """?## ###????????????????????? | | ## # ## " """ # #?#??????????????????? | | ## # [ ## @ #????????????????????? | | ## ### ########+## #????????????????????? | | ## #??????#????????????? | | + ##??????????????????? | | ## [ #???????????????????? | | #####+#############+## % #???????????????????? | | ????????????????????? !! #???????????????????? | | ?????????????????? ? !%! ##????#??????????????? | | ????????? ????????? ! #????????????????????? | | ???????????????#??? ##?????#??????????????? | | ?????????????????? [# ##?????????????????????? | | ????????????????? ? #??????????????????????? | | ????????????????? ? ???????????????????????? | | ?????????????????? ? ???????????????????????? | | ????????????????????? ?? ???????????????????????? | | ????????????????????????? ???????????????????????? | | ????????????????????????? ???????????????????????? | | ????????????????????????? ???????????????????????? | | ?????????????????????????????????????????????????? | | ?????????????????????????????????????????????????? | | ?????????????????????????????????????????????????? | | ?????????????????????????????????????????????????? | | ?????????????????????????????????????????????????? | | ?????????????????????????????????????????????????? | | ?????????????????????????????????????????????????? | +----------------------------------------------------+ Best States ------------- Heat Dissipation 28 Energy Generation 10 Energy Capacity 250 Matter Stores 300 Matter Capacity 300 Sight Range 16 Terrain Scan Range 14 Terrain Scan Density 10 Armor Coverage 225 Resistance: KI 20 Resistance: TH 20 Resistance: EX 20 Resistance: EM 20 Resistance: I 20 Resistance: S 20 Resistance: P 20 Evasion (%) 55 Targeting Accuracy 5 Offensive Hacking 10 Item Schematics ----------------- None Robot Schematics ------------------ None Fabricated ------------ Nothing Alien Tech Used ----------------- None Achievements -------------- None Challenges ------------ None Game ------ Seed IntegrityHellfireCutter Manual? 0 Play Time 00:27:19 Cumulative 7.5 hours Start 2022.08.11 @ 11:15:36 End 2022.08.12 @ 09:33:39 Sessions 3 Manual Loads 0 Difficulty Adventurer Special Mode None Game No. 13 Rogue 4 Adventurer 9 Explorer 0 Win Type - Total 0 Types 0/0/0/0/0/0/0/0/0 Lore% 5 Gallery% 11 Achievement% 10 Wizard Run 0 Options --------- ASCII 1 Keyboard 1 Movement Vi Keybinds 0 Fullscreen 2 Font 16/Terminus Map View 76x50 Tactical HUD 1 Map Filters NONE Filters NONE Steam 1 RUN: 7c1edaf0-e9af-4522-a1db-9cc1673c3b54